 Dungeon Crawl Stone Soup version 0.31-a0-236-g9a0961fb85 (webtiles) character file.

Game seed: 1154171518176740423

44 arthad the Digger (level 3, 0/20 HPs)
             Began as a Gargoyle Earth Elementalist on July 10, 2023.
             Slain by Terence
             ... wielding a +0 flail
              (7 damage)
             ... on level 2 of the Dungeon.
             The game lasted 00:02:59 (1221 turns).

arthad the Digger (Gargoyle Earth Elementalist)     Turns: 1221, Time: 00:02:59

Health: 0/20       AC:  7    Str: 11    XL:     3   Next: 60%
Magic:  2/6        EV: 12    Int: 17    God:
Gold:   103        SH:  0    Dex: 10    Spells: 3/6 levels left

rFire   . . .        (no weapon)
rCold   . . .        (no shield)
rNeg    + . .        a - +0 robe
rPois   ∞            f - +0 helmet
rElec   +            (no cloak)
rCorr   .            e - +0 pair of gloves
SInv    .            (no boots)
Will    .....        (no amulet)
Stlth   ++           (no ring)
HPRegen 0.23/turn    (no ring)
MPRegen 0.10/turn

%: no passive effects
@: no status effects
A: sickness immunity, AC +3, negative energy resistance 1, electricity
resistance, torment resistance 1, petrification resistance
a: no special abilities


You were on level 2 of the Dungeon.
You visited 1 branch of the dungeon, and saw 2 of its levels.

You collected 103 gold pieces.

Inventory:

Armour
 a - a +0 robe (worn)
 e - a +0 pair of gloves (worn)
 f - a +0 helmet (worn)
Jewellery
 j - a ring of flight
Scrolls
 d - 2 scrolls of poison {unknown}
 h - 4 scrolls of teleportation {unknown}
 i - 3 scrolls of identify {unknown}
 l - a scroll of fear {unknown}
 m - a scroll of enchant armour {unknown}
 n - a scroll of immolation {unknown}
Potions
 b - a potion of magic
 g - a potion of attraction {unknown}
 k - a potion of lignification {unknown}


   Skills:
 + Level 1.1 Fighting
 + Level 1.9 Dodging
 + Level 2.5 Stealth
 * Level 2.4 Spellcasting
 * Level 0.7 Conjurations
 - Level 0.7 Transmutations
 * Level 4.1 Earth Magic


You had 3 spell levels left.
You knew the following spells:

 Your Spells              Type           Power      Damage    Failure   Level
a - Sandblast             Erth           32%        2d9       3%          1
b - Passwall              Tmut/Erth      8%         N/A       11%         2

Your spell library contained the following spells:

 Spells                   Type           Power      Damage    Failure   Level
 Slow                     Hex            8%         N/A       19%         1
 Stone Arrow              Conj/Erth      20%        3d8       21%         3
 Confusing Touch          Hex            2%         N/A       50%         3
 Vampiric Draining        Necr           2%         2d6       50%         3
 Petrify                  Tmut/Erth      10%        N/A       56%         4
 Simulacrum               Ice/Necr       1%         N/A       100%        6
 Ozocubu's Refrigeration  Ice            1%         4d7       100%        7
 Polar Vortex             Ice            1%         N/A       100%        9


Dungeon Overview and Level Annotations

Branches:
Dungeon (2/15)

Altars:

Annotations:
D:2 Terence


Innate Abilities, Weirdness & Mutations

You are immune to sickness and miasma.
Your stone body is resilient. (AC +3)
You are immune to poison.
You resist negative energy. (rN+)
You are resistant to electric shocks. (rElec)
You are resistant to unholy torment.
You are immune to petrification.


Message History

Found a stone staircase leading down.
A ball python comes into view.
A ball python is nearby!
The blast of sand hits the ball python!
You kill the ball python!
You can't see any susceptible monsters within range! (Use Z to cast anyway.)
You can't see any susceptible monsters within range! (Use Z to cast anyway.) No target in view!
You see here a ball python corpse.
You see here a hobgoblin corpse.
Found a short sword.
n - a scroll labelled HYAT QAIHOOJUMN
Found 5 boomerangs.
Terence the Incautious comes into view.
He is wielding a +0 flail.
Terence shouts!
Terence is nearby!
The blast of sand hits Terence but does no damage.
The blast of sand hits Terence but does no damage.
Terence hits you with a +0 flail. Terence barely misses you.
The blast of sand misses Terence.
Terence hits you with a +0 flail!
You are too injured to fight recklessly!
You are too injured to fight recklessly!
Okay, then.
As you read the scroll labelled KOAZO MEGU, it crumbles to dust.
You feel aware of your surroundings.
It was a scroll of revelation.
Terence hits you with a +0 flail.
* * * LOW HITPOINT WARNING * * *
You are too injured to fight recklessly!
Casting: Sandblast (safe; 3% risk of failure)
Confirm with . or Enter, or press ? or * to list all spells.
Okay, then.
Casting: Sandblast (safe; 3% risk of failure)
Confirm with . or Enter, or press ? or * to list all spells.
Aiming: Sandblast (safe; 3% risk of failure)
Press: ? - help, Shift-Dir - straight line, f/p - Terence
Aim: Terence, wielding a +0 flail and wearing a +0 scale mail (84% to hit)
The blast of sand hits Terence.
Terence is moderately wounded.
Terence hits you with a +0 flail!
You die...

*,,,,#....### ###.########
+,,,,+....########..........#
#,,,,#....########.#.#.####.#
#,,,,#.......###............#
#****#.#.....##..#..........#
#### #.#....†##)##..#####...#
...# #.#.####...##..#..P#..##
...###.#.####.####..#...#..#
...'.#.#...(...@@...#...#..#
...#.#.####...####..#####..#
<..#...# #..#####..........#
.#.##### #.######..........#
.......#*#.######....#....##
...###..,..#######.....##.#
#†.)...>*#########..#.###.#
+....#..*#########..#.###.#
#....#,,* #..#.#*#.#*


You could see Terence.

Vanquished Creatures
  An adder (D:2)
  2 dart slugs (D:2)
  3 ball pythons
  2 bats
  2 endoplasms
  A giant cockroach (D:1)
  3 goblins
  3 hobgoblins
  2 quokkas
  8 frilled lizards (D:1)
  2 kobolds (D:1)
  A rat (D:2)
30 creatures vanquished.

Notes
Turn   | Place    | Note
-------+----------+-------------------------------------------
     0 | D:1      | arthad the Gargoyle Earth Elementalist began the quest for
                  | the Orb.
     0 | D:1      | Reached XP level 1. HP: 10/10 MP: 3/3
   109 | D:1      | Reached XP level 2. HP: 16/16 MP: 0/5
   517 | D:1      | Reached skill level 4 in Earth Magic
   687 | D:1      | Found a faded altar of an unknown god.
   774 | D:1      | Learned a level 2 spell: Passwall
   911 | D:2      | Reached XP level 3. HP: 20/20 MP: 6/6
   932 | D:2      | Reached skill level 1 in Fighting
  1214 | D:2      | Noticed Terence
  1221 | D:2      | Slain by Terence

Illustrated notes

Levels and vault maps discovered:
D:1:      saegor_arrival_simple_b, layout_rooms,
          shapermc_ecumenical_altar_hornbeckon, minmay_lizard_pond
D:2:      layout_basic, serial_aquarium, aquarium_bridge_square
          [aquarium_subvault_bridge, aquarium_subvault_window,
          aquarium_subvault_bridge, aquarium_subvault_window],
          aquarium_window_1, aquarium_window_fake, aquarium_window_2,
          aquarium_view_2b, aquarium_balcony_double_4, aquarium_pool_2,
          grunt_decor_fettered, uniq_terence

Skill      XL: |  1  2  3 |
---------------+----------+-----
Earth Magic    | 4 |  4.1
Fighting       | 1 |  1.1
Dodging        | |  1.9
Stealth        | |  2.5
Spellcasting   | |  2.4
Conjurations   | |  0.7
Transmutations | |  0.7

Action                     || total
---------------------------++-------
  Melee: Unarmed           ||    44
   Cast: Sandblast         ||    37
    Use: Scroll            ||     1
   Stab: Sleeping          ||     2
 Armour: Robe              ||    12
  Dodge: Dodged            ||    44

Table legend: (Time is in decaauts)
 A = Elapsed time spent in this place.
 B = Non-inter-level travel time spent in this place.
 C = Inter-level travel time spent in this place.
 D = Time resting spent in this place.
 E = Time spent auto-exploring this place.
 F = Levels seen in this place.
 G = Mean time per level.
                   A        B        C        D        E       F      G
               +--------+--------+--------+--------+--------+-----+--------+
         Total |   1248 |   1227 |     21 |     50 |    924 |   2 |  624.0 |
       Dungeon |   1248 |   1227 |     21 |     50 |    924 |   2 |  624.0 |
               +--------+--------+--------+--------+--------+-----+--------+

Top non-repeatable levels by time:
     D:1: 815 daAuts
     D:2: 433 daAuts
